PA
SOUTH BEACH BLAZE @ EUGENE VANDALS
08/09/2042
 
TOP OF THE 1ST
South Beach Blaze batting - Pitching for Eugene Vandals : LHP Gyu-hyun Chong
Pitching: LHP Gyu-hyun Chong
Batting: LHB Raúl Miranda 0-0: Called Strike
0-1: Swinging Strike
0-2: Fly out, F7 (Line Drive, 7, EV 95.0 MPH)
Batting: RHB Carlos Rivera 0-0: SINGLE (Line Drive, 6MD, EV 97.5 MPH)
Batting: RHB Pablo Peñaranda 0-0: Ball
Carlos Rivera is caught stealing 2nd base 2-4
1-0: Ball
2-0: Ball
3-0: Called Strike
3-1: Foul Ball, location: 2F
3-2: SINGLE (Groundball, 6MD, EV 96.2 MPH)
Batting: LHB Tony Parra 0-0: Fly out, F2 (Popup, 23F, EV 85.0 MPH)
Top of the 1st over - 0 runs, 2 hits, 0 errors, 1 left on base; South Beach 0 - Eugene 0
BOTTOM OF THE 1ST
Eugene Vandals batting - Pitching for South Beach Blaze : RHP Jeremiah Hartney
Pitching: RHP Jeremiah Hartney
Batting: RHB Jorge Quintana 0-0: Foul Ball, location: 2F
0-1: Fly out, F4 (Flyball, 34D, EV 85.0 MPH)
Batting: RHB Ángel Júlio 0-0: Ball
1-0: DOUBLE (Groundball, 5L, EV 105.6 MPH)
Batting: RHB Adrián Serrano 0-0: Called Strike
0-1: Foul Ball, location: 2F
0-2: Ball
1-2: Ball
2-2: Ball
3-2: Base on Balls
Batting: LHB Roosevelt Cartledge 0-0: Called Strike
0-1: Swinging Strike
0-2: Fly out, F8 (Flyball, 89S, EV 86.2 MPH)
Batting: SHB Dave Richards 0-0: Ball
1-0: Foul Ball, location: 2F
1-1: Ground out 4-3 (Groundball, 4M, EV 90.6 MPH)
Bottom of the 1st over - 0 runs, 1 hit, 0 errors, 2 left on base; South Beach 0 - Eugene 0
TOP OF THE 2ND
South Beach Blaze batting - Pitching for Eugene Vandals : LHP Gyu-hyun Chong
Batting: RHB Jordan Hanley 0-0: Ball
1-0: Called Strike
1-1: Swinging Strike
1-2: Ball
2-2: Strikes out looking
Batting: LHB Juan Carlos Duprat 0-0: Ground out 4-3 (Groundball, 4, EV 85.0 MPH)
Batting: RHB Juan Tilve 0-0: Foul Ball, location: 2F
0-1: Ball
1-1: Ball
2-1: Foul Ball, location: 2F
2-2: Strikes out swinging
Top of the 2nd over - 0 runs, 0 hits, 0 errors, 0 left on base; South Beach 0 - Eugene 0
BOTTOM OF THE 2ND
Eugene Vandals batting - Pitching for South Beach Blaze : RHP Jeremiah Hartney
Batting: RHB Ken Francis 0-0: Ball
1-0: Called Strike
1-1: Foul Ball, location: 2F
1-2: Ground out 6-3 (Groundball, 6M, EV 82.5 MPH)
Batting: RHB Johnny Schultz 0-0: Called Strike
0-1: Called Strike
0-2: Foul Ball, location: 2F
0-2: Ball
1-2: Strikes out swinging
Batting: RHB Tim Jarvis 0-0: Called Strike
0-1: Ground out 4-3 (Groundball, 4, EV 85.6 MPH)
Bottom of the 2nd over - 0 runs, 0 hits, 0 errors, 0 left on base; South Beach 0 - Eugene 0
TOP OF THE 3RD
South Beach Blaze batting - Pitching for Eugene Vandals : LHP Gyu-hyun Chong
Batting: RHB Manny Opio 0-0: Swinging Strike
0-1: Swinging Strike
0-2: Strikes out swinging
Batting: LHB Ángel López 0-0: Ball
1-0: Foul Ball, location: 2F
1-1: DOUBLE (Line Drive, 89D, EV 103.8 MPH)
Batting: LHB Raúl Miranda 0-0: SINGLE (Line Drive, 78S, EV 111.2 MPH)
Ángel López to third
Batting: RHB Carlos Rivera 0-0: Called Strike
0-1: Ball
1-1: Ball
Wild Pitch!
Ángel López scores
Raúl Miranda to second
2-1: DOUBLE (Line Drive, 7LD, EV 98.8 MPH)
Raúl Miranda scores
Batting: RHB Pablo Peñaranda 0-0: Ball
Carlos Rivera steals 3rd base (no throw)
1-0: Called Strike
Steal of home, Carlos Rivera is out
1-1: Called Strike
1-2: Ball
2-2: Foul Ball, location: 2F
2-2: Strikes out swinging
Top of the 3rd over - 2 runs, 3 hits, 0 errors, 0 left on base; South Beach 2 - Eugene 0
BOTTOM OF THE 3RD
Eugene Vandals batting - Pitching for South Beach Blaze : RHP Jeremiah Hartney
Batting: RHB Will Ross 0-0: Foul Ball, location: 2F
0-1: SINGLE (Line Drive, 56, EV 95.6 MPH)
Batting: RHB Jorge Quintana 0-0: 2-RUN HOME RUN (Flyball, 9D, EV 93.8 MPH), Distance : 384 ft
Batting: RHB Ángel Júlio 0-0: Fly out, F8 (Line Drive, 8LM, EV 101.2 MPH)
Batting: RHB Adrián Serrano 0-0: Foul Ball, location: 2F
0-1: Ball
1-1: Called Strike
1-2: SINGLE (Groundball, 56D, EV 101.9 MPH)
Batting: LHB Roosevelt Cartledge 0-0: Called Strike
0-1: Ball
1-1: Ball
2-1: Ball
3-1: Fielders Choice at 2nd, 1-4 (Groundball, 15S, EV 63.1 MPH)
Batting: SHB Dave Richards 0-0: Ball
1-0: Foul Ball, location: 2F
1-1: Fly out, F9 (Flyball, 9D, EV 93.8 MPH)
Bottom of the 3rd over - 2 runs, 3 hits, 0 errors, 1 left on base; South Beach 2 - Eugene 2
TOP OF THE 4TH
South Beach Blaze batting - Pitching for Eugene Vandals : LHP Gyu-hyun Chong
Batting: LHB Tony Parra 0-0: Foul Ball, location: 2F
0-1: Ball
1-1: Ball
2-1: Foul Ball, location: 2F
2-2: Fly out, F3 (Popup, 3S, EV 78.8 MPH)
Batting: RHB Jordan Hanley 0-0: Swinging Strike
0-1: Swinging Strike
0-2: Ground out 5-3 (Groundball, 56S, EV 81.9 MPH)
Batting: LHB Juan Carlos Duprat 0-0: Ball
1-0: Ball
2-0: Ball
3-0: Called Strike
3-1: Fly out, F7 (Flyball, 7LS, EV 92.5 MPH)
Top of the 4th over - 0 runs, 0 hits, 0 errors, 0 left on base; South Beach 2 - Eugene 2
BOTTOM OF THE 4TH
Eugene Vandals batting - Pitching for South Beach Blaze : RHP Jeremiah Hartney
Batting: RHB Ken Francis 0-0: Ball
1-0: Ball
2-0: Called Strike
2-1: Foul Ball, location: 2F
2-2: Foul Ball, location: 2F
2-2: Strikes out looking
Batting: RHB Johnny Schultz 0-0: Called Strike
0-1: Ground out 6-3 (Groundball, 6, EV 81.2 MPH)
Batting: RHB Tim Jarvis 0-0: Called Strike
0-1: Ball
1-1: Ball
2-1: Ground out 4-3 (Groundball, 34, EV 111.9 MPH)
Bottom of the 4th over - 0 runs, 0 hits, 0 errors, 0 left on base; South Beach 2 - Eugene 2
TOP OF THE 5TH
South Beach Blaze batting - Pitching for Eugene Vandals : LHP Gyu-hyun Chong
Batting: RHB Juan Tilve 0-0: Ball
1-0: Ball
2-0: Swinging Strike
2-1: Foul Ball, location: 2F
2-2: Ball
3-2: Strikes out swinging
Batting: RHB Manny Opio 0-0: Called Strike
0-1: Called Strike
0-2: Strikes out swinging
Batting: LHB Ángel López 0-0: Ground out 4-3 (Groundball, 4, EV 80.6 MPH)
Top of the 5th over - 0 runs, 0 hits, 0 errors, 0 left on base; South Beach 2 - Eugene 2
BOTTOM OF THE 5TH
Eugene Vandals batting - Pitching for South Beach Blaze : RHP Jeremiah Hartney
Batting: RHB Will Ross 0-0: Called Strike
0-1: Foul Ball, location: 2F
0-2: Strikes out swinging
Batting: RHB Jorge Quintana 0-0: Called Strike
0-1: Called Strike
0-2: Strikes out looking
Batting: RHB Ángel Júlio 0-0: Ball
1-0: Ground out 6-3 (Groundball, 6, EV 90.6 MPH)
Bottom of the 5th over - 0 runs, 0 hits, 0 errors, 0 left on base; South Beach 2 - Eugene 2
TOP OF THE 6TH
South Beach Blaze batting - Pitching for Eugene Vandals : LHP Gyu-hyun Chong
Batting: LHB Raúl Miranda 0-0: Ball
1-0: Ground out 6-3 (Groundball, 6, EV 86.9 MPH)
Batting: RHB Carlos Rivera 0-0: Ball
1-0: Ball
2-0: Ground out 5-3 (Groundball, 56S, EV 69.4 MPH)
Batting: RHB Pablo Peñaranda 0-0: Foul Ball, location: 2F
0-1: Swinging Strike
0-2: Ball
1-2: Ball
2-2: Foul Ball, location: 2F
2-2: Ball
3-2: Foul Ball, location: 2F
3-2: Base on Balls
Batting: LHB Tony Parra 0-0: SINGLE (Groundball, 6MD, EV 100.0 MPH)
Pablo Peñaranda to second
Batting: RHB Jordan Hanley 0-0: Foul Ball, location: 2F
0-1: Ball
1-1: Foul Ball, location: 2F
1-2: Foul Ball, location: 2F
1-2: Ball
2-2: Foul Ball, location: 2F
2-2: Strikes out swinging
Top of the 6th over - 0 runs, 1 hit, 0 errors, 2 left on base; South Beach 2 - Eugene 2
BOTTOM OF THE 6TH
Eugene Vandals batting - Pitching for South Beach Blaze : RHP Jeremiah Hartney
Batting: RHB Adrián Serrano 0-0: Reached on error, E7 (Flyball, 78M, EV 75.6 MPH)
Batting: LHB Roosevelt Cartledge 0-0: Foul Ball, location: 2F
0-1: Foul Ball, location: 2F
0-2: Ball
1-2: Ball
2-2: SINGLE (Line Drive, 9S, EV 93.8 MPH)
Adrián Serrano to second
Batting: SHB Dave Richards 0-0: Foul Ball, location: 2F
0-1: Ball
1-1: Ball
2-1: Foul Ball, location: 2F
2-2: Fly out, F9 (Line Drive, 9, EV 99.4 MPH)
Batting: RHB Ken Francis 0-0: SINGLE (Groundball, 6D, EV 108.8 MPH)
Adrián Serrano to third
Roosevelt Cartledge to second
Batting: RHB Johnny Schultz 0-0: Foul Ball, location: 2F
0-1: Ball
1-1: Called Strike
1-2: Strikes out swinging
Batting: RHB Tim Jarvis 0-0: Ball
1-0: Called Strike
1-1: Ball
2-1: Ball
3-1: Base on Balls
Adrián Serrano scores
Roosevelt Cartledge to third
Ken Francis to second
Batting: RHB Will Ross 0-0: Foul Ball, location: 2F
0-1: Foul Ball, location: 2F
0-2: Ball
1-2: Ball
2-2: Foul Ball, location: 2F
2-2: Ball
3-2: Strikes out looking
Bottom of the 6th over - 1 run, 2 hits, 1 error, 3 left on base; South Beach 2 - Eugene 3
TOP OF THE 7TH
South Beach Blaze batting - Pitching for Eugene Vandals : LHP Gyu-hyun Chong
Batting: LHB Juan Carlos Duprat 0-0: Ball
1-0: Foul Ball, location: 2F
1-1: Called Strike
1-2: Foul Ball, location: 2F
1-2: Ball
2-2: Ball
3-2: Foul Ball, location: 2F
3-2: Fly out, F8 (Line Drive, 8LD, EV 90.0 MPH)
Batting: RHB Juan Tilve 0-0: Fly out, F9 (Flyball, 89S, EV 89.4 MPH)
Batting: RHB Manny Opio 0-0: Ball
1-0: Called Strike
1-1: Foul Ball, location: 2F
1-2: Foul Ball, location: 2F
1-2: Ball
2-2: Fly out, F6 (Popup, 4MD, EV 65.6 MPH)
Top of the 7th over - 0 runs, 0 hits, 0 errors, 0 left on base; South Beach 2 - Eugene 3
BOTTOM OF THE 7TH
Eugene Vandals batting - Pitching for South Beach Blaze : RHP Jeremiah Hartney
Batting: RHB Jorge Quintana 0-0: DOUBLE (Line Drive, 7LS, EV 95.0 MPH)
Batting: RHB Ángel Júlio 0-0: Called Strike
0-1: Foul Ball, location: 2F
0-2: Strikes out looking
Batting: RHB Adrián Serrano 0-0: Foul Ball, location: 2F
0-1: Foul Ball, location: 2F
0-2: Ball
1-2: Ball
2-2: Strikes out swinging
Batting: LHB Roosevelt Cartledge 0-0: Ball
1-0: Ball
2-0: Called Strike
2-1: Swinging Strike
2-2: Strikes out swinging
Bottom of the 7th over - 0 runs, 1 hit, 0 errors, 1 left on base; South Beach 2 - Eugene 3
TOP OF THE 8TH
South Beach Blaze batting - Pitching for Eugene Vandals : LHP Gyu-hyun Chong
Batting: LHB Ángel López 0-0: Ball
1-0: Fly out, F8 (Flyball, 8LD, EV 88.1 MPH)
Pitching: LHP Doug Swanson
Batting: LHB Raúl Miranda 0-0: Called Strike
0-1: Ground out 5-3 (Groundball, 5L, EV 93.1 MPH)
Batting: RHB Carlos Rivera 0-0: Ball
1-0: SINGLE (Line Drive, 56D, EV 106.9 MPH)
Batting: RHB Pablo Peñaranda 0-0: Ball
1-0: Called Strike
1-1: Called Strike
1-2: Strikes out swinging
Top of the 8th over - 0 runs, 1 hit, 0 errors, 1 left on base; South Beach 2 - Eugene 3
BOTTOM OF THE 8TH
Eugene Vandals batting - Pitching for South Beach Blaze : RHP Jeremiah Hartney
Pitching: RHP Stuart Chase
Batting: SHB Dave Richards 0-0: Called Strike
0-1: Ball
1-1: Swinging Strike
1-2: Ball
2-2: Strikes out swinging, 2-3 out at first.
Batting: RHB Ken Francis 0-0: Fly out, F6 (Line Drive, 6, EV 69.4 MPH)
Batting: RHB Johnny Schultz 0-0: Foul Ball, location: 2F
0-1: Swinging Strike
0-2: Foul Ball, location: 2F
0-2: Ball
1-2: Fly out, F8 (Flyball, 8RS, EV 86.2 MPH)
Bottom of the 8th over - 0 runs, 0 hits, 0 errors, 0 left on base; South Beach 2 - Eugene 3
TOP OF THE 9TH
South Beach Blaze batting - Pitching for Eugene Vandals : LHP Doug Swanson
Pitching: LHP Richello Dosono
Batting: LHB Tony Parra 0-0: Foul Ball, location: 2F
0-1: Swinging Strike
0-2: Foul Ball, location: 2F
0-2: Fly out, F9 (Flyball, 89S, EV 93.1 MPH)
Batting: RHB Jordan Hanley 0-0: SINGLE (Line Drive, 8RS, EV 111.2 MPH)
Pinch Hitting: RHB Nebosja Peric 0-0: Ball
1-0: Fly out, F1 (Line Drive, P, EV 77.5 MPH)
Batting: RHB Juan Tilve 0-0: Ball
1-0: Foul Ball, location: 2F
1-1: Ball
2-1: Swinging Strike
2-2: Ball
3-2: Strikes out looking
Top of the 9th over - 0 runs, 1 hit, 0 errors, 1 left on base; South Beach 2 - Eugene 3
Friday, March 26th, 2021 - OOTP Baseball 20.8 Build 74